 Dungeon Crawl Stone Soup version 0.30.1-3-gfc49f6343a (webtiles) character file.

Game seed: 16963164815804324360

508 Peloso the Covered (level 6, -1/53 HPs)
             Began as a Minotaur Fighter on Aug 5, 2023.
             Was a Follower of Okawaru.
             Slain by an orc priest
             ... wielding a +1 trident of protection
              (4 damage)
             ... on level 5 of the Dungeon.
             The game lasted 00:07:45 (3566 turns).

Peloso the Covered (Minotaur Fighter)               Turns: 3566, Time: 00:07:46

Health: -1/53      AC: 15    Str: 20    XL:     6   Next: 98%
Magic:  5/5        EV:  6    Int:  5    God:    Okawaru [*.....]
Gold:   265        SH:  5    Dex: 12    Spells: 5/5 levels left

rFire   . . .        a - +0 long sword
rCold   . . .        d - +0 buckler
rNeg    . . .        g - +0 plate armour
rPois   .            (helmet restricted)
rElec   .            i - +0 cloak
rCorr   .            c - +0 pair of gloves
SInv    .            (no boots)
Will    .....        (no amulet) Stlth
                     (no ring)
HPRegen 0.28/turn    (no ring)
MPRegen 0.09/turn

%: no passive effects
@: mighty, invisible
A: horns 2, retaliatory headbutt
a: Renounce Religion, Heroism


You were on level 5 of the Dungeon.
You worshipped Okawaru.
Okawaru was aware of your devotion.
You visited 2 branches of the dungeon, and saw 6 of its levels.

You collected 265 gold pieces.

Inventory:

Hand Weapons
 a - a +0 long sword (weapon)
Missiles
 k - 2 throwing nets (quivered)
Armour
 b - a +0 scale mail
 c - a +0 pair of gloves (worn)
 d - a +0 buckler (worn)
 g - a +0 plate armour (worn)
 i - a +0 cloak (worn)
Jewellery
 o - a ring of protection from fire
Scrolls
 n - a scroll of vulnerability {unknown}
 p - a scroll of amnesia {unknown}
 r - a scroll of acquirement {unknown}
 t - 2 scrolls of immolation {unknown}
 u - a scroll of enchant armour {unknown}
Potions
 f - 2 potions of brilliance
 l - a potion of resistance
 q - a potion of haste
 v - a potion of degeneration {unknown}


   Skills:
 + Level 4.7 Fighting
 + Level 6.0 Long Blades
 + Level 6.3 Armour
 + Level 1.2 Dodging
 + Level 1.0 Stealth
 + Level 4.2 Shields


You had 5 spell levels left.
You didn't know any spells.
Your spell library contained the following spells:

 Spells                   Type           Power      Damage    Failure   Level
 Sublimation of Blood     Necr           0%         N/A       100%        2
 Wereblood                Tmut           0%         N/A       100%        2
 Stone Arrow              Conj/Erth      0%         3d7       100%        3
 Lehudib's Crystal Spear  Conj/Erth      0%         10d2      100%        8
 Animate Armour           Summ/Erth      Unusable   N/A       N/A         4
 Summon Hydra             Summ           Unusable   N/A       N/A         7

Dungeon Overview and Level Annotations

Branches:
Dungeon (5/15)             Temple (1/1) D:4

Altars:
Ashenzari
Gozag
Nemelex Xobeh
Okawaru
Sif Muna
Yredelemnul
Zin


Innate Abilities, Weirdness & Mutations

You have a pair of horns on your head.
You reflexively headbutt those who attack you in melee.


Message History

You feel very mighty all of a sudden. The centaur zombie hits you.
* * * LOW HITPOINT WARNING * * *
The centaur zombie kicks you but does no damage.
Unknown command.
You catch the helpless Sigmund completely off-guard!
You slash Sigmund! You headbutt Sigmund.
Sigmund is heavily wounded.
You block Sigmund's attack.
Unknown command.
You slash Sigmund!
Sigmund is almost dead.
You feel yourself slow down.
The orc priest looks encouraged for a moment.
Unknown command.
You slash Sigmund!
You kill Sigmund!
Okawaru is honoured by your kill.
You can now gain great but temporary skills.
The orc priest calls upon Beogh to heal something.
The orc closely misses you. You furiously retaliate!
You headbutt the orc!
You kill the orc!
Okawaru accepts your kill.
Your Long Blades skill increases to level 6!
Your Stealth skill increases to level 1!
The orc priest closely misses you.
Things that are here:
a +2 scythe of venom; a +0 robe Unknown command.
You hit the orc priest.
The orc priest is heavily wounded.
The centaur zombie hits you.
* * * LOW HITPOINT WARNING * * *
You block the centaur zombie's attack. The orc priest completely misses you.
Unknown command.
You slash the orc priest!
The orc priest is almost dead.
The centaur zombie closely misses you. x2
The orc priest hits you from afar with a +1 trident of protection.
You die...

#. #.....##..##
#..##..... .....
#..##....###..#
#..........#..#
#.............# # #.#
#..#.#.#.###..
#.###o>.......<..#
#)Zo)Z...........#
#@###<.#.#.#.....#
#.....o......♣.........
#.####.#♣♣.♣...........
#.♣..♣.♣.♣♣.##.###
#♣♣.♣♣.♣♣...##.# .♣ ...
♣..##.# ♣. ♣._. ..♣# .#


You could see 2 orc priests, an orc (unable to see you), a bullfrog zombie
(wandering, unable to see you) and a centaur zombie (unable to see you).

Vanquished Creatures
  Sigmund (D:5)
  A scorpion (D:4)
  2 jellies
  An iguana (D:3)
  7 adders
  3 gnolls (D:3)
  3 worms
  A dart slug (D:3)
  8 orcs
  10 endoplasms
  3 giant cockroaches
  7 goblins
  6 hobgoblins
  10 jackals
  4 quokkas (D:3)
  9 ball pythons
  6 bats
  5 frilled lizards
  10 kobolds
  6 rats
103 creatures vanquished.

Vanquished Creatures (others)
  An orc (D:5)
1 creature vanquished.

Grand Total: 104 creatures vanquished

Notes
Turn   | Place    | Note
-------+----------+-------------------------------------------
     0 | D:1      | Peloso the Minotaur Fighter began the quest for the Orb.
     0 | D:1      | Reached XP level 1. HP: 19/19 MP: 0/0
   115 | D:1      | Reached XP level 2. HP: 22/27 MP: 1/1
   861 | D:1      | Found a faded altar of an unknown god.
   911 | D:2      | Reached XP level 3. HP: 18/33 MP: 2/2
  1481 | D:2      | Reached XP level 4. HP: 34/40 MP: 3/3
  1646 | D:2      | Reached skill level 5 in Armour
  2166 | D:3      | Found an opulent altar of Gozag.
  2206 | D:3      | Reached XP level 5. HP: 38/46 MP: 4/4
  2297 | D:3      | Found a broken altar of Ashenzari.
  2350 | D:3      | Found an iron altar of Okawaru.
  2364 | D:3      | Became a worshipper of Warmaster Okawaru
  2402 | D:3      | Reached skill level 1 in Dodging
  2635 | D:3      | Found a shimmering blue altar of Sif Muna.
  3016 | D:4      | Reached skill level 5 in Long Blades
  3016 | D:4      | Reached XP level 6. HP: 49/53 MP: 5/5
  3169 | D:4      | Found a staircase to the Ecumenical Temple.
  3193 | Temple   | Entered the Ecumenical Temple
  3282 | D:4      | Found a glowing silver altar of Zin.
  3509 | D:5      | Entered Level 5 of the Dungeon
  3509 | D:5      | Found a sparkling altar of Nemelex Xobeh.
  3519 | D:5      | Found a basalt altar of Yredelemnul.
  3526 | D:5      | Noticed Sigmund
  3563 | D:5      | Killed Sigmund
  3563 | D:5      | Reached * piety under Okawaru
  3564 | D:5      | Reached skill level 1 in Stealth
  3566 | D:5      | Slain by an orc priest

Illustrated notes

Levels and vault maps discovered:
D:1:      psy_arrival_terrarium, layout_loops_corners,
          hellmonk_ecumenical_altar_crossroads, minmay_strange_pillars,
          minivault_24, minmay_misc_feat_pillars
D:2:      layout_basic, grunt_ministairs_10, st_stairs_8, minmay_split_cup_large
D:3:      layout_basic, lemuel_blue_sif_altar, okawaru_metal_pillars_3,
          mainiacjoe_overflow_large_starburst, hangedman_abyss_or_decor_stabs,
          chequers_serial_rivers_micro_c
D:4:      layout_basic, kennysheep_mini, minmay_temple_entry_mini_moons
D:5:      cheibrodos_helix_gallery, layout_loops_ring, general_overflow_altar,
          nicolae_yredelemnul_corpse_copse, nemelex_xobeh_ov_fountains_minmay,
          cheibrodos_sewer_entry_sluice, uniq_sigmund
Temple:   hellmonk_temple_forest_ring

Skill      XL: |  1  2  3  4  5  6 |
---------------+-------------------+-----
Armour         | 4 5 6 |  6.3
Fighting       | 4 |  4.7
Long Blades    | 3 4 5 6 |  6.0
Shields        | 4 |  4.2
Dodging        | 1 |  1.2
Stealth        | 1 |  1.0

Action                     |  1- 3 |  4- 6 || total
---------------------------+-------+-------++-------
  Melee: Long sword        |    82 |   163 ||   245
         Headbutt          |    12 |    23 ||    35
    Use: Scroll            |     3 |     6 ||     9
         Potion            |     1 |     5 ||     6
   Stab: Invisible         |       |     6 ||     6
 Armour: Scale mail        |    46 |     7 ||    53
         Plate armour      |       |   125 ||   125
  Dodge: Dodged            |    48 |    63 ||   111
  Block: Buckler           |    16 |    42 ||    58
